Match 42077821
Unlisted

Match 42077821
End
Kradschützen Motorcycle Team
Selects Panzerjäger Kommand Battlegroup
Panzergrenadier Squad
Panzergrenadier Squad
Construct Light Support Kompanie
MG34 Team
2.5-tonne Medical Truck
Selects Tank Busters
Selects Blockade Equipment
Fire Support Elements
Panzerjäger Mechanized Group
Selects Defensive Positions
Flakvierling Half-track
Construct Panzerarmee Kommand
Assault Mechanized Group
Selects Crew Shock Tactics
Veteran Squad Leaders
PartTime_RebeL
Phoenix
Buffallobang
RN42
STALKER4732
ezh
kit.ohume
Devochkin
0
0

Comments sign in to comment!

No comments posted yet!